 Dungeon Crawl Stone Soup version 0.22-a0-247-gbddf880757 (webtiles) character file.

15350 Peterchen the Executioner (level 12, -1/135 HPs)
             Began as a Minotaur Berserker on Feb 25, 2018.
             Was a High Priest of Trog.
             Slain by Snorg (2 damage)
             ... on level 11 of the Dungeon.
             The game lasted 00:20:02 (7483 turns).

Peterchen the Executioner (Minotaur Berserker)      Turns: 7483, Time: 00:20:02

Health: -1/135     AC: 14    Str: 32    XL:     12   Next: 0%
Magic:  11/11      EV: 13    Int:  4    God:    Trog [*****.]
Gold:   638        SH:  0    Dex: 10    Spells: 11/11 levels left

rFire    . . .     SeeInvis .   K - +3 executioner's axe (elec)
rCold    . . .     Gourm    .   (shield currently unavailable)
rNeg     . . .     Faith    .   o - +0 plate armour
rPois    .         Spirit   .   (helmet restricted)
rElec    .         Reflect  .   g - +0 cloak
rCorr    .         Harm     .   H - +0 pair of gloves
MR       +....                  I - +0 pair of boots
Stlth    ..........             e - amulet of regeneration
HPRegen  0.72/turn              x - ring of protection from magic
MPRegen  0.12/turn              b - +5 ring of evasion

@: berserking, slowed, drained
A: retaliatory headbutt, horns 2
a: Berserk, Trog's Hand, Brothers in Arms, Renounce Religion


You were on level 11 of the Dungeon.
You worshipped Trog.
Trog was extremely pleased with you.
You were hungry.

You visited 1 branch of the dungeon, and saw 11 of its levels.

You collected 638 gold pieces.

Inventory:

Hand Weapons
 K - a +3 executioner's axe of electrocution (weapon)
Missiles
 J - 5 poisoned javelins (quivered)
Armour
 g - a +0 cloak (worn)
 o - a +0 plate armour (worn)
 H - a +0 pair of gloves (worn)
 I - a +0 pair of boots (worn)
Jewellery
 b - a +5 ring of evasion (right hand)
 e - an amulet of regeneration (around neck)
 x - a ring of protection from magic (left hand)
 y - an uncursed amulet of faith {unknown}
Wands
 p - a wand of paralysis (13)
 B - a wand of iceblast (20)
 C - a wand of flame (37)
 G - a wand of clouds (2)
 M - a wand of enslavement (9)
Scrolls
 a - a scroll of summoning
 h - 6 scrolls of teleportation
 l - 9 scrolls of remove curse
 n - 5 scrolls of amnesia
 q - a scroll of immolation {unknown}
 r - 2 scrolls of fog
 s - a scroll of magic mapping {unknown}
 t - a scroll of enchant weapon {unknown}
 z - a scroll of noise {unknown}
 A - a scroll of silence {unknown}
 E - a scroll of blinking {unknown}
 F - 2 scrolls of fear {unknown}
 N - a scroll of enchant armour {unknown}
 P - a scroll of identify
Potions
 d - 4 potions of curing
 f - 3 potions of flight {unknown}
 i - 4 potions of heal wounds {unknown}
 j - a potion of haste {unknown}
 k - a potion of berserk rage {unknown}
 m - 2 potions of lignification {unknown}
 u - a potion of degeneration {unknown}
 v - a potion of mutation {unknown}
 w - a potion of agility {unknown}
 D - a potion of ambrosia {unknown}
 L - 2 potions of might
Comestibles
 c - 25 rations
 O - 20 chunks of flesh


   Skills:
 - Level 3.6(3.5) Fighting
 * Level 21.0 Axes
 - Level 2.4(2.3) Armour
 - Level 2.1 Dodging


You had 11 spell levels left.
You didn't know any spells.

Dungeon Overview and Level Annotations

Branches:
Dungeon (11/15)            Temple (0/1) D:4            Lair (0/6) D:10
    Orc (0/2) D:11

Altars:
Hepliaklqana
Makhleb
Nemelex Xobeh
Okawaru
Qazlal
Ru
Vehumet
Yredelemnul
Zin

Shops:
D:7 (   D:8 [

Annotations:
D:11 Snorg


Innate Abilities, Weirdness & Mutations

You reflexively headbutt those who attack you in melee.
You have a pair of horns on your head.


Message History

Snorg bites you but does no damage. Snorg misses you. Snorg claws you.
Snorg bites you! Snorg claws you! Snorg claws you but does no damage.
A red film seems to cover your vision as you go berserk!
You feel yourself moving faster!
You feel mighty!
You are feeling hungry.
Snorg bites you. Snorg closely misses you. Snorg claws you!
* * * LOW HITPOINT WARNING * * *
Snorg bites you!
* * * LOW HITPOINT WARNING * * *
Snorg claws you!
* * * LOW HITPOINT WARNING * * *
Snorg claws you but does no damage. Snorg barely misses you.
You furiously retaliate!
You headbutt Snorg! Snorg claws you but does no damage.
Snorg barely misses you.
You closely miss Snorg. Your headbutt misses Snorg.
Snorg is heavily wounded.
Snorg bites you!
* * * LOW HITPOINT WARNING * * *
Snorg claws you.
You die...

#.# #'## ####.# ##...
#....# ##...# ###.#####
#.8.## ........#
############# #...')
........# #............
#.8.##
........####............
##...#
...........#.....T......
##...
........##.#....@.......
#'##
........##.'.....)......
##...
........####............
###...# #.#######
############# ##....##
#. #...8.'. ## #.....##
#.##...# #..##...
##..####


You could see Snorg (berserk).

Vanquished Creatures
  3 two-headed ogres
  A centaur warrior (D:10)
  Pikel (D:6)
  An unseen horror (D:10)
  A kobold demonologist (D:11)
  A queen bee (D:8)
  A troll (D:9)
  2 hippogriffs
  2 wyverns
  7 wraiths
  Grum (D:11)
  3 hungry ghosts
  Eustachio (D:5)
  Menkaure (D:7)
  Duvessa (D:7)
  2 black bears
  4 slaves (D:6)
  2 hornet zombies
  4 phantoms
  11 orc warriors
  5 ice beasts
  2 sky beasts
  4 ogres
  2 wolves (D:11)
  A necrophage (D:6)
  14 centaurs
  2 big kobolds
  6 bullfrogs
  Dowan (D:7)
  A water moccasin zombie (D:10)
  2 wyvern skeletons
  25 killer bees
  17 wights
  2 bullfrog zombies
  3 centaur zombies
  3 crimson imps
  11 orc priests
  2 jellies
  5 hounds
  A bullfrog skeleton (D:11)
  8 iguanas
  12 orc wizards
  10 worker ants
  2 hound skeletons
  4 gnolls (D:7)
  2 worker ant zombies
  14 adders
  7 shadow imps
  2 adder zombies
  An adder skeleton (D:9)
  2 worms
  2 dart slugs (D:1)
  4 leopard geckos
  31 orcs
  3 giant cockroaches
  4 goblins
  10 hobgoblins
  10 jackals
  12 kobolds
  8 quokkas
  2 ball pythons
  A ball python skeleton (D:4)
  4 bats
  3 frilled lizards
  A jackal skeleton (D:5)
  2 leopard gecko zombies
  2 quokka skeletons
  7 rats
329 creatures vanquished.

Notes
Turn   | Place    | Note
-------+----------+-------------------------------------------
     0 | D:1      | Peterchen the Minotaur Berserker began the quest for the Orb.
     0 | D:1      | Reached XP level 1. HP: 19/19 MP: 0/0
    83 | D:1      | Reached skill level 4 in Axes
   164 | D:1      | Reached XP level 2. HP: 25/26 MP: 1/1
   874 | D:2      | Reached skill level 5 in Axes
   874 | D:2      | Reached XP level 3. HP: 23/31 MP: 2/2
  1131 | D:2      | Reached ** piety under Trog
  1384 | D:2      | Reached skill level 6 in Axes
  1384 | D:2      | Reached XP level 4. HP: 35/39 MP: 3/3
  1414 | D:2      | Found a faded altar of an unknown god.
  1414 | D:2      | Found a burning altar of Makhleb.
  1419 | D:2      | Found a glowing silver altar of Zin.
  1421 | D:2      | Found a hazy altar of Hepliaklqana.
  1423 | D:2      | Found an iron altar of Okawaru.
  1760 | D:3      | Noticed a phantom
  1784 | D:3      | Killed a phantom
  1784 | D:3      | Reached skill level 7 in Axes
  1784 | D:3      | Reached XP level 5. HP: 37/45 MP: 4/4
  2040 | D:3      | Reached skill level 8 in Axes
  2323 | D:4      | Reached XP level 6. HP: 51/51 MP: 5/5
  2329 | D:4      | Found a staircase to the Ecumenical Temple.
  2562 | D:4      | Found a sparkling altar of Nemelex Xobeh.
  2576 | D:4      | Reached *** piety under Trog
  2576 | D:4      | Reached skill level 9 in Axes
  2975 | D:5      | Entered Level 5 of the Dungeon
  2975 | D:5      | Noticed Eustachio
  2980 | D:5      | Killed Eustachio
  2980 | D:5      | Reached XP level 7. HP: 57/57 MP: 6/6
  3052 | D:5      | Reached skill level 10 in Axes
  3204 | D:5      | Reached skill level 11 in Axes
  3282 | D:5      | Reached XP level 8. HP: 55/64 MP: 7/7
  3464 | D:5      | Reached skill level 12 in Axes
  3840 | D:6      | Reached **** piety under Trog
  3840 | D:6      | Reached skill level 13 in Axes
  3859 | D:6      | Noticed Pikel
  3993 | D:6      | Killed Pikel
  3993 | D:6      | Reached skill level 14 in Axes
  3993 | D:6      | Reached XP level 9. HP: 70/70 MP: 8/8
  4292 | D:7      | Noticed Menkaure
  4297 | D:7      | Killed Menkaure
  4341 | D:7      | Noticed Dowan
  4345 | D:7      | Noticed Duvessa
  4355 | D:7      | Killed Duvessa
  4360 | D:7      | Killed Dowan
  4423 | D:7      | Found Fibif's Weapon Shop.
  4430 | D:7      | Reached skill level 15 in Axes
  4845 | D:7      | Reached skill level 16 in Axes
  5111 | D:8      | Received a gift from Trog
  5117 | D:8      | Reached XP level 10. HP: 77/77 MP: 9/9
  5141 | D:8      | Noticed a two-headed ogre
  5150 | D:8      | Killed a two-headed ogre
  5154 | D:8      | Found a sacrificial altar of Ru.
  5167 | D:8      | HP: 3/77 [poisoned by a killer bee]
  5314 | D:8      | Reached skill level 17 in Axes
  5317 | D:8      | Reached ***** piety under Trog
  5447 | D:8      | Noticed a two-headed ogre
  5451 | D:8      | Killed a two-headed ogre
  5597 | D:8      | Found a radiant altar of Vehumet.
  5607 | D:8      | Found Piadywu's Armour Boutique.
  5625 | D:8      | Reached skill level 18 in Axes
  5996 | D:9      | Found a stormy altar of Qazlal.
  6029 | D:9      | Received a gift from Trog
  6048 | D:9      | Reached XP level 11. HP: 79/82 MP: 10/10
  6142 | D:9      | Found a basalt altar of Yredelemnul.
  6212 | D:9      | Reached skill level 19 in Axes
  6266 | D:9      | Found the +5 scythe "Finisher" {speed, Str+3}
  6459 | D:10     | Entered Level 10 of the Dungeon
  6464 | D:10     | Found a staircase to the Lair.
  6468 | D:10     | Noticed a centaur warrior
  6476 | D:10     | Killed a centaur warrior
  6520 | D:10     | Received a gift from Trog
  6535 | D:10     | Killed an unseen horror
  6535 | D:10     | Reached skill level 20 in Axes
  6696 | D:10     | Noticed a two-headed ogre
  6703 | D:10     | Killed a two-headed ogre
  7285 | D:11     | Found a staircase to the Orcish Mines.
  7378 | D:11     | Noticed Grum
  7388 | D:11     | Killed Grum
  7397 | D:11     | Received a gift from Trog
  7456 | D:11     | Paralysed by fainting for 6 turns
  7465 | D:11     | Reached skill level 21 in Axes
  7471 | D:11     | Noticed Snorg
  7477 | D:11     | Reached XP level 12. HP: 73/90 MP: 11/11
  7483 | D:11     | HP: 1/135 [Snorg (15)]
  7483 | D:11     | Slain by Snorg

Vault maps used:
D:1:      erik_arrival_blinker_ship, minmay_tromino_i4
D:2:      chequers_temple_overflow_minitemple, hangedman_decor_growths
D:4:      lemuel_upstairs_altar, nemelex_xobeh_ov_fountains_minmay,
          minmay_temple_entry_purple_smoke, first_ration, serial_bayou_pond_e
D:5:      uniq_eustachio
D:6:      uniq_pikel
D:7:      serial_shops, shop, uniq_duvessa, uniq_menkaure
D:8:      basic_altar, david_nohive_1, minmay_shop_grid_forest,
          grunt_ministairs_3, hangedman_ru_absence
D:9:      lemuel_crystal_altar, basic_altar, minmay_guarded_unrand_finisher
D:10:     dpeg_oklobed_lair
D:11:     david_orc_1_choice, uniq_sonja, uniq_grum, uniq_snorg

Skill      XL: |  1  2  3  4  5  6  7  8  9 10 11 |
---------------+----------------------------------+-----
Axes           | 4 5 6 7 8 9 11 14 16 18 21 | 21.0
Fighting       | |  3.6
Armour         | |  2.4
Dodging        | |  2.1

Action                   |  1- 3 |  4- 6 |  7- 9 | 10-12 || total
-------------------------+-------+-------+-------+-------++-------
Melee: Hand axe          |    71 |   119 |   305 |       ||   495
       Headbutt          |    14 |    13 |    61 |    63 ||   151
       Battleaxe         |       |       |    22 |   257 ||   279
       Executioner's axe |       |       |       |   119 ||   119
Invok: Berserk           |       |     1 |     7 |     8 ||    16
  Use: Scroll            |       |     3 |     1 |     2 ||     6
  Eat: Chunk             |     1 |     5 |    12 |    16 ||    34
       Ration            |       |       |     1 |     1 ||     2
Armor: Animal skin       |     3 |       |       |       ||     3
       Scale mail        |    16 |       |       |       ||    16
       Plate armour      |       |    32 |   116 |   174 ||   322
Dodge: Dodged            |    40 |    70 |   141 |   236 ||   487

Table legend:
 A = Spawn XP
 B = Non-spawn XP
 C = Spawn XP percentage of total XP
 D = Spawn monster count
 E = Non-spawn monster count
 F = Spawn count percentage of total count
 G = Total turns spent on level
                    A         B        C        D         E        F      G
               +---------+---------+-------+---------+---------+-------+---------
         Total |       0 |   21929 |   0.0 |       0 |     325 |   0.0 |  7483
               +---------+---------+-------+---------+---------+-------+---------
           D:1 |       0 |      27 |   0.0 |       0 |      14 |   0.0 |   812
           D:2 |       0 |      82 |   0.0 |       0 |      22 |   0.0 |   815
           D:3 |       0 |     241 |   0.0 |       0 |      23 |   0.0 |   691
           D:4 |       0 |     219 |   0.0 |       0 |      14 |   0.0 |   657
           D:5 |       0 |    1263 |   0.0 |       0 |      29 |   0.0 |   817
           D:6 |       0 |    1460 |   0.0 |       0 |      14 |   0.0 |   500
           D:7 |       0 |    1859 |   0.0 |       0 |      33 |   0.0 |   736
           D:8 |       0 |    4460 |   0.0 |       0 |      46 |   0.0 |   792
           D:9 |       0 |    4627 |   0.0 |       0 |      62 |   0.0 |   639
          D:10 |       0 |    3733 |   0.0 |       0 |      27 |   0.0 |   571
          D:11 |       0 |    3958 |   0.0 |       0 |      41 |   0.0 |   453
               +---------+---------+-------+---------+---------+-------+---------
